Unix NetHack Version 5.0.0-0 post-release - last build Jun 10 2026 00:39:30 (3ee93aec679c4c4259841fe613dc97188e26a321,branch:main).

Game began 2026-06-29 19:25:08, ended 2026-06-30 00:56:31.

FalseGod, lawful male human Samurai

                                                     -------        ------
                                                     |..<..|        |....|
                                                    #-.)...|        |..).|
                                                     |...{.-)#      |....|
                                                     ------- #      ---.--
                                                             #         #
                                                             ##        #
                                                              #       ##
                                     ----- ----              ################
                                      .........               ####--.-------|-
                                            ...-M                #|...>......|
                                                ##u#######       #...........|
                                                         #########|..........|
                                                                 #|..........|
                                                                 #...........|
                                                                  ------------

FalseGod the Ninja     St:13 Dx:18 Co:18 In:14 Wi:9 Ch:6  Lawful
Dlvl:10 $:61 HP:0(79) Pw:44(44) AC:-2 Xp:9 T:11327  Burdened

Latest messages:
 The large dog bites the paper golem.
 The paper golem misses the large dog.
 You swap places with your large dog.
 You hit the paper golem!
 You hit the paper golem.
 The paper golem misses!
 What do you want to use or apply? [bcfjopsuw-yGPRT or ?*] s
 In what direction? u
 Status of the paper golem (neutral, large):  Level 4  HP 4(20)  AC 10.
 You destroy the paper golem!
 You see here a scroll of blank paper.
 You have a little trouble lifting B - a scroll of blank paper (4 in total).
 You destroy the manes!
 Pick a monster, object or location.
 You hit the kobold mummy!
 You miss the kobold mummy.
 What do you want to use or apply? [bcfjopsuw-yGPRT or ?*] s
 In what direction? h
 Status of the kobold mummy (chaotic, small):  Level 4  HP 2(14)  AC 5.
 You swap places with your saddled pony.
 What do you want to use or apply? [bcfjopsuw-yGPRT or ?*] s
 In what direction? h
 Status of your saddled pony (neutral, medium):  Level 4  HP 14(31)  AC 6, tame, fast.
 You stop.  Your saddled pony is in the way!
 You swap places with your saddled pony.
 You destroy the kobold mummy!
 You hit the human mummy.
 You hit the human mummy.
 The human mummy hits!
 The human mummy hits again!
 What do you want to use or apply? [bcfjopsuw-yGPRT or ?*] s
 In what direction? y
 Status of the human mummy (chaotic, medium):  Level 6  HP 23(25)  AC 4.
 You miss the human mummy.
 You miss the human mummy.
 The human mummy hits!
 The human mummy hits again!
 The human mummy hits!
 The human mummy hits again!
 Are you sure you want to pray? [yn] (n) y
 You begin praying to Amaterasu Omikami.
 The human mummy hits!
 The human mummy misses!
 The human mummy hits!
 You die...
 Do you want your possessions identified? [ynq] (y) n
 Do you want to see your attributes? [ynq] (y) n
 Do you want an account of creatures vanquished? [ynaq] (y) n
 Do you want to see your conduct and achievements? [ynq] (y) n
 Do you want to see the dungeon overview? [ynq] (y) n

Inventory:
 Coins    ('$')
  $ - 61 gold pieces
 Amulets  ('"')
  N - a blessed amulet of reflection (being worn)
 Weapons  (')')
  d - 24 +0 ya (in quiver)
  L - a +0 yumi
  F - the blessed rustproof +1 Excalibur (wielded in right hand)
  a - a thoroughly rusty +1 katana
 Armor    ('[')
  I - an uncursed thoroughly rusty +0 kabuto (being worn)
  J - an uncursed +0 pair of yugake (being worn)
  l - a blessed +3 pair of low boots (being worn)
  r - an uncursed +0 small shield
  m - an uncursed +0 cloak of invisibility (being worn)
  E - an uncursed +0 dwarvish mithril-coat (being worn)
 Comestibles  ('%')
  M - 10 cursed apples
  W - 3 uncursed gunyoki
 Scrolls  ('?')
  B - 4 uncursed scrolls of blank paper
  H - an uncursed scroll of create monster
  h - an uncursed scroll of earth
  i - a cursed scroll of earth
  A - an uncursed scroll of enchant armor
  O - an uncursed scroll of scare monster
  z - 2 uncursed scrolls of teleportation
 Potions  ('!')
  n - an uncursed potion of paralysis
  Q - a cursed potion of sake
 Rings    ('=')
  q - a cursed ring of aggravate monster
  C - an uncursed ring of conflict
  K - an uncursed ring of searching
 Wands    ('/')
  R - a wand of speed monster (0:5)
  f - a wand of speed monster (0:1)
 Tools    ('(')
  c - an uncursed sack containing 23 items
  G - an empty uncursed sack named rings
  b - an uncursed blindfold
  x - an uncursed leash
  p - a magic marker (0:63)
  w - an uncursed magic whistle
  T - an uncursed pair of lenses
  y - a +0 pick-axe (wielded in left hand)
  o - an uncursed skeleton key
  s - an uncursed stethoscope
  j - a +0 unicorn horn
  u - a +0 unicorn horn
  P - a +0 unicorn horn
 Gems/Stones  ('*')
  v - an uncursed worthless piece of red glass
  e - an uncursed luckstone

Contents of the sack:
  10146 gold pieces
  an uncursed +0 robe
  an uncursed slime mold
  an uncursed apple
  11 cursed carrots
  an uncursed lizard corpse
  2 blessed scrolls of stinking cloud
  an uncursed potion of water
  2 blessed potions of healing
  an uncursed potion of healing
  a cursed potion of sleeping
  an uncursed potion of sleeping
  an uncursed +2 ring of gain strength
  a cursed -1 ring of protection
  an uncursed ring of searching
  an uncursed ring of warning
  a wand of locking (0:4)
  a cursed wand of cancellation (0:6)
  a wand of undead turning (0:0)
  a wand of cold (0:6)
  a wand of digging (0:4)
  a wand of slow monster (0:3)
  a wand of speed monster (0:1)

FalseGod the Samurai's attributes:

Background:
 You were a Ninja, a level 9 male human Samurai.
 You were lawful, on a mission for Amaterasu Omikami
 who was opposed by Raijin (neutral) and Susanowo (chaotic).
 You were right-handed.
 You were in the Dungeons of Doom, on level 10.
 You entered the dungeon 11327 turns ago.
 It was the midnight hour.
 There was a full moon in effect when your adventure ended.
 You had 4925 experience points, 195 more were needed to attain level 10.

Basics:
 You had 0 out of 79 hit points.
 You had all 44 energy points (spell power).
 Your armor class was -2.
 Your wallet contained 61 zorkmids, and
 you had 10146 more stashed away in your pack.
 Autopickup was off.

Final Characteristics:
 Your strength was 13 (peak:16, limit:18/100).
 Your dexterity was 18 (limit:18).
 Your constitution was 18 (limit:18).
 Your intelligence was 14 (limit:18).
 Your wisdom was 9 (limit:18).
 Your charisma was 6 (limit:18).

Final Status:
 You weren't hungry.
 You were burdened; movement was slightly slowed.
 You were wielding two weapons at once.
 Your skill in long sword was limited by being unskilled with two weapons.
 Your two weapon skill was limited by having no skill with pick-axe.

Final Attributes:
 You were piously aligned.
 You were cold resistant.
 You were poison resistant.
 You were level-drain resistant.
 You were telepathic.
 You had automatic searching.
 You were invisible.
 You were guarded.
 You were fast.
 You had reflection.
 You were very lucky.
 You had extra luck.
 Bad luck did not time out for you.
 Good luck did not time out for you.
 You are dead.

Miscellaneous:
 You encountered 1 bones level.
 Total elapsed playing time was 5 hours, 1 minute and 50 seconds.

Major events:
 Turn
    1: FalseGod the lawful male human Samurai entered the dungeon
  294: attained the rank of Ronin (level 3)
 1137: entered the Gnomish Mines
 1375: attained the rank of Ninja (level 6)
 3170: reached Mine Town
 8267: entered Sokoban
 8632: completed 1st Sokoban level
 9198: completed 2nd Sokoban level
10777: was given Excalibur by the Lady of the Lake
11327: killed by a human mummy, while praying

You didn't know any spells.

Skills:
 Fighting Skills
   martial arts      [Basic]
   two weapon combat [Unskilled]
   riding            [Unskilled]
 Weapon Skills
   dagger            [Unskilled]
   knife             [Unskilled]
   short sword       [Basic]
   broadsword        [Unskilled]
   long sword        [Expert]
   two-handed sword  [Unskilled]
   saber             [Unskilled]
   flail             [Unskilled]
   quarterstaff      [Unskilled]
   polearms          [Unskilled]
   spear             [Unskilled]
   lance             [Unskilled]
   bow               [Basic]
   shuriken          [Unskilled]
 Spellcasting Skills
   attack spells     [Unskilled]
   divination spells [Unskilled]
   clerical spells   [Unskilled]

Voluntary challenges:
 Character rerolling was not enabled.
 You never genocided any monsters.
 You never polymorphed an object.
 You never changed form.
 You used no wishes.
 You did not violate any of the special Sokoban rules.
Achievements:
 You attained the rank of Ronin.
 You entered a shop.
 You entered the Gnomish Mines.
 You attained the rank of Ninja.
 You entered Minetown.
 You entered a temple.
 You entered Sokoban.

 The Dungeons of Doom: levels 1 to 11
    Level 1:
       A fountain.
    Level 2:
       A ring shop, a fountain.
    Level 3:
       A general store.
    Level 4: "icebox"
       A general store.
       Stairs down to The Gnomish Mines.
    Level 5: "ring+ stash"
       A fountain.
       Final resting place for
          pots164-Kni-Hum-Fem-Law, slipped while mounting a saddled pony.
    Level 6:
       Many fountains.
       Oracle of Delphi.
    Level 7:
       A sink, a grave.
       Stairs up to Sokoban, level 6.
    Level 8:
    Level 9:
       A fountain.
    Level 10: <- You were here.
       A fountain.
       Final resting place for
          you, killed by a human mummy, while praying.
    Level 11:
 The Gnomish Mines: levels 5 to 8
    Level 5:
    Level 6: "buried gold"
    Level 7:
    Level 8:
       Many shops, a temple and an altar, some fountains.
 Sokoban: levels 6 up to 4
    Level 4:
       Unsolved.
    Level 5:
       Solved.
    Level 6:
       Solved.


Vanquished creatures:
  a ghost
  a large mimic
  3 small mimics
  a djinni
  a large cat
  a tiger
  a gargoyle
  a tengu
 an ochre jelly
  a human mummy
 an ettin zombie
  4 watchmen
  4 giant beetles
  a cockatrice
  6 wolves
  9 winter wolf cubs
 43 leprechauns
  a mumak
  a horse
 an ice vortex
  a black light
  a forest centaur
  4 gnome rulers
  2 orc mummies
  a rust monster
  5 lizards
  a dog
  2 blue jellies
  2 white unicorns
  a gray unicorn
  a dust vortex
  a raven
  2 gnome mummies
  4 apes
  3 human zombies
  a rope golem
  2 Woodland-elves
  a soldier ant
  a fire ant
  2 quasits
  a wood nymph
  a mountain nymph
  6 Mordor orcs
  2 Uruk-hai
  3 rock piercers
  6 rock moles
  2 ponies
  2 fog clouds
  2 yellow lights
  4 violet fungi
  7 gnome leaders
  2 gnomish wizards
  a kobold mummy
  2 gray oozes
  a ghoul
  3 paper golems
  3 floating eyes
  a kitten
 11 dwarves
  a homunculus
  5 hill orcs
  2 rothes
  a centipede
  5 giant bats
  2 orc zombies
  2 dwarf zombies
  a wererat
  2 werejackals
  3 iguanas
  5 killer bees
 an acid blob
  a coyote
  6 hobbits
  3 manes
  a large kobold
  a hobgoblin
  3 giant rats
  2 cave spiders
  a yellow mold
  2 red molds
 30 gnomes
 10 garter snakes
  5 geckos
  4 jackals
  2 foxes
  3 kobolds
  3 goblins
  8 grid bugs
  2 bats
 12 lichens
  a kobold zombie
  9 newts
320 creatures vanquished.

No species were genocided or became extinct.

Game over:
                       ----------
                      /          \
                     /    REST    \
                    /      IN      \
                   /     PEACE      \
                  /                  \
                  |     FalseGod     |
                  |     10207 Au     |
                  |   killed by a    |
                  |   human mummy    |
                  |                  |
                  |                  |
                  |       2026       |
                 *|     *  *  *      | *
        _________)/\\_//(\/(/\)/\//\/|_)_______

Sayonara FalseGod the Samurai...

You died in The Dungeons of Doom on dungeon level 10 with 29477 points,
and 10207 pieces of gold, after 11327 moves.
You were level 9 with a maximum of 79 hit points when you died.

